 Dungeon Crawl Stone Soup version 0.31.0-11-ge490571c62 (webtiles) character file.

Game seed: 17205007359353089584

58 qw the Shooter (level 3, -2/30 HPs)
             Began as a Deep Elf Hunter on Feb 3, 2024.
             Slain by Ijyb
             ... wielding a +0 dagger
              (4 damage)
             ... on level 2 of the Dungeon.
             The game lasted 00:00:04 (1252 turns).

qw the Shooter (Deep Elf Hunter)                    Turns: 1252, Time: 00:00:05

Health: -2/30      AC: 21    Str: 10    XL:     3   Next: 75%
Magic:  5/5        EV:  2    Int: 13    God:
Gold:   83         SH:  0    Dex: 18    Spells: 2/2 levels left

rFire   . . .        a - +0 shortbow
rCold   . . .        (shield currently unavailable)
rNeg    . . .        j - melded +1 leather armour {rC+}
rPois   +            (helmet currently unavailable)
rElec   .            f - melded +0 cloak
rCorr   .            n - melded +0 pair of gloves
SInv    .            e - melded +0 pair of boots
Will    .....        (no amulet)
Stlth   ++           (no ring)
HPRegen 0.25/turn    (no ring)
MPRegen 0.09/turn

%: no passive effects
@: tree-form
A: stationary, stasis, torment immunity, boosted hp
a: no special abilities


You were on level 2 of the Dungeon.
You were a tree.
You visited 1 branch of the dungeon, and saw 2 of its levels.

You collected 83 gold pieces.


   Skills:
 - Level 1.5 Fighting
 + Level 7.2 Ranged Weapons
 - Level 2.4 Dodging
 - Level 1.2 Stealth


You had 2 spell levels left.
You didn't know any spells.
Your spell library was empty.

Inventory:

Hand Weapons
 a - a +0 shortbow (weapon)
Armour
 c - a +0 ring mail
 e - a +0 pair of boots (melded)
 f - a +0 cloak (melded)
 j - a +1 leather armour of cold resistance (melded)
 n - a +0 pair of gloves (melded)
Scrolls
 b - 2 scrolls of teleportation {unknown}
 g - a scroll of identify
 h - a scroll of fear {unknown}
Potions
 d - a potion of berserk rage {unknown}
 i - a potion of mutation {unknown}
 p - a potion of curing

Dungeon Overview and Level Annotations

Branches:
Dungeon (2/15)

Altars:

Annotations:
D:2 Ijyb


Message History

You feel resistant to cold. The goblin misses you. Ijyb closely misses you.
The goblin hits you but does no damage.
You shoot an arrow. The arrow hits Ijyb but does no damage.
Ijyb is lightly wounded.
The goblin hits you but does no damage. x2; Ijyb zaps a wand.
You resist with some effort.
You shoot an arrow. The arrow closely misses Ijyb.
The goblin barely misses you. The goblin hits you with a +0 club.
Ijyb zaps a wand.
You resist with some effort.
You shoot an arrow. The arrow hits Ijyb.
Ijyb is moderately wounded.
The goblin closely misses you. x2; Ijyb hits you but does no damage.
You shoot an arrow. The arrow hits Ijyb!
Ijyb is severely wounded.
The goblin hits you but does no damage. The goblin closely misses you.
Ijyb barely misses you.
You shoot an arrow. The arrow hits Ijyb.
Ijyb is severely wounded.
The goblin misses you. Ijyb hits you with a +0 dagger.
The goblin hits you but does no damage. The goblin hits you with a +0 dagger.
Ijyb closely misses you. The goblin hits you but does no damage.
You shoot an arrow. The arrow misses Ijyb.
The goblin hits you but does no damage. Ijyb hits you with a +0 dagger.
The goblin hits you but does no damage.
You shoot an arrow. The arrow hits Ijyb.
Ijyb is almost dead.
The goblin closely misses you. Ijyb hits you but does no damage.
The goblin hits you with a +0 club.
You shoot an arrow. The arrow closely misses Ijyb.
The goblin hits you but does no damage.
Ijyb zaps a wand.
You turn into a tree.
Your +0 cloak melds into your body.
Your +0 pair of gloves melds into your body.
Your +0 pair of boots melds into your body.
Your +1 leather armour of cold resistance melds into your body.
You feel less resistant to cold.
Your roots penetrate the ground.
The goblin hits you but does no damage.
You shoot an arrow. The arrow hits Ijyb.
Ijyb is almost dead.
The goblin hits you but does no damage. Ijyb hits you with a +0 dagger.
You die...

#.# #.# #.#
. #.# ..
#.# ...
#.### ....
#...# ....!
###g#8..[..
#7gg$....
##gg.....
#######


You could see Ijyb and 4 goblins.

Vanquished Creatures
  2 adders (D:2)
  4 ball pythons (D:1)
  3 endoplasms (D:1)
  4 giant cockroaches
  6 goblins
  2 hobgoblins
  6 jackals (D:1)
  A quokka (D:1)
  2 bats (D:1)
  A frilled lizard (D:1)
  3 kobolds
  A rat (D:2)
35 creatures vanquished.

Notes
Turn   | Place    | Note
-------+----------+-------------------------------------------
     0 | D:1      | qw the Deep Elf Hunter began the quest for the Orb.
     0 | D:1      | Reached XP level 1. HP: 12/12 MP: 3/3
     0 | D:1      | 0 ||| qw: Version: 0.3-a-158-g18b3111
     0 | D:1      | 0 ||| qw: Game counter: 4133
     0 | D:1      | 0 ||| qw: Melee chars always use a shield: true
     0 | D:1      | 0 ||| qw: God list: Okawaru
     0 | D:1      | 0 ||| qw: Allow faded altars: false
     0 | D:1      | 0 ||| qw: Do Orc after clearing Dungeon:15 true
     0 | D:1      | 0 ||| qw: Do second Lair branch before Depths: true
     0 | D:1      | 0 ||| qw: Lair rune preference: random
     0 | D:1      | 0 ||| qw: Goals: Normal
     0 | D:1      | 0 ||| PLANNING D:1-11
    52 | D:1      | Reached XP level 2. HP: 16/16 MP: 4/4
    53 | D:1      | Reached skill level 6 in Ranged Weapons
   407 | D:1      | Reached XP level 3. HP: 20/20 MP: 5/5
   704 | D:1      | 704 ||| UPGRADING to +0 pair of boots.
   709 | D:1      | 709 ||| UPGRADING to +0 cloak.
   714 | D:1      | 714 ||| UPGRADING to +1 leather armour of cold resistance.
   724 | D:1      | 724 ||| DROPPING +0 leather armour.
   725 | D:1      | 725 ||| UPGRADING to +0 pair of gloves.
   730 | D:1      | 730 ||| DROPPING ring of wizardry.
   731 | D:1      | 731 ||| READING scroll labelled PAIRPH SUIPUIFUGH.
   732 | D:1      | 732 ||| READING scroll labelled ZUUREO ERICW.
   733 | D:1      | 733 ||| READING scroll labelled VIOCVA VICAUW.
   734 | D:1      | 734 ||| READING scroll labelled ZYMPUV IRUISTRI.
   734 | D:1      | 734 ||| IDENTIFYING bubbling cyan potion
   735 | D:1      | 735 ||| READING scroll labelled LAOBBOE GUNIEB.
   736 | D:1      | 736 ||| READING scroll labelled JAIGUENUIL.
   837 | D:1      | 837 ||| DRINKING 2 metallic dark potions.
   838 | D:1      | 838 ||| DROPPING scroll of butterflies.
   839 | D:1      | 839 ||| DROPPING potion of brilliance.
   875 | D:2      | Reached skill level 7 in Ranged Weapons
   913 | D:2      | Found a faded altar of an unknown god.
  1213 | D:2      | Noticed Ijyb
  1229 | D:2      | 1229 ||| FLEEEEING.
  1230 | D:2      | 1230 ||| FLEEEEING.
  1231 | D:2      | 1231 ||| FLEEEEING.
  1232 | D:2      | 1232 ||| FLEEEEING.
  1233 | D:2      | 1233 ||| FLEEEEING.
  1234 | D:2      | 1234 ||| FLEEEEING.
  1235 | D:2      | 1235 ||| FLEEEEING.
  1236 | D:2      | 1236 ||| FLEEEEING.
  1237 | D:2      | 1237 ||| FLEEEEING.
  1238 | D:2      | 1238 ||| FLEEEEING.
  1239 | D:2      | 1239 ||| FLEEEEING.
  1240 | D:2      | 1240 ||| FLEEEEING.
  1241 | D:2      | 1241 ||| FLEEEEING.
  1242 | D:2      | 1242 ||| FLEEEEING.
  1243 | D:2      | 1243 ||| FLEEEEING.
  1245 | D:2      | HP: 5/20 [goblin/+0 club (4)]
  1248 | D:2      | HP: 2/20 [goblin/+0 dagger (1)]
  1252 | D:2      | Slain by Ijyb

Levels and vault maps discovered:
D:1:      mainiacjoe_arrival_reflecting_pool, layout_loops_ring,
          supply_closet_lemuel
D:2:      kennysheep_the_goblin_king, layout_basic,
          ebering_ecumenical_altar_petrified

Skill      XL: |  1  2  3 |
---------------+----------+-----
Ranged Weapons | 6 7 |  7.2
Fighting       | |  1.5
Dodging        | |  2.4
Stealth        | |  1.2

Action                     || total
---------------------------++-------
  Melee: Unarmed           ||    15
   Fire: Shortbow          ||   100
    Use: Scroll            ||     6
         Potion            ||     1
 Armour: Leather armour    ||    50
         Skin              ||    17
  Dodge: Dodged            ||    64

Table legend:
 A = Non-vault XP
 B = Vault XP
 C = Vault XP percentage of total XP
 D = Non-vault monster count
 E = Vault monster count
 F = Vault count percentage of total count
                 A         B        C        D         E       F
            +---------+---------+-------+---------+---------+-------
      Total |      80 |       3 |   3.6 |      33 |       2 |   5.7
            +---------+---------+-------+---------+---------+-------
        D:1 |      42 |       0 |   0.0 |      24 |       0 |   0.0
        D:2 |      38 |       3 |   7.3 |       9 |       2 |  18.2
            +---------+---------+-------+---------+---------+-------
